 Dungeon Crawl Stone Soup version 0.13.0-9-gbc74161 (webtiles) character file.

3500 Sarge101 the Hoplite (level 9, -2/74 HPs)
             Began as a Minotaur Fighter on Oct 17, 2013.
             Was a High Priest of Trog.
             Slain by an orc warrior
             ... wielding a cursed +0,+0 orcish trident
              (8 damage)
             ... on Level 8 of the Dungeon.
             The game lasted 02:29:32 (7598 turns).

Sarge101 the Hoplite (Minotaur Fighter)             Turns: 7598, Time: 02:29:32

HP  -2/74        AC 13     Str 22      XL: 9   Next: 68%
MP   3/3         EV  5     Int  5      God: Trog [*****.]
Gold 230         SH 24     Dex 12      Spells:  0 memorised,  8 levels left

Res.Fire  : + . .   See Invis. : .   i - +0,+4 dwarf war axe
Res.Cold  : . . .   Warding    : .   q - +0 orc plate armour
Life Prot.: . . .   Conserve   : .   B - +0 dwarf shield
Res.Poison: +       Res.Corr.  : .   (helmet restricted)
Res.Elec. : .       Clarity    : .   (no cloak)
Sust.Abil.: . .     Spirit.Shd : .   (no gloves)
Res.Mut.  : .       Stasis     : .   (no boots)
Res.Rott. : .       Flight     : .   s - amulet of faith
Saprovore : . . .                    C - ring of protection from fire
                                     x - ring of poison resistance

@: exhausted, slightly resistant to hostile enchantments, extremely unstealthy
A: retaliatory headbutt, horns 2
a: Burn Spellbooks, Berserk, Trog's Hand, Brothers in Arms, Renounce Religion


You were on level 8 of the Dungeon.
You worshipped Trog.
Trog was extremely pleased with you.
You were not hungry.

You visited 1 branch of the dungeon, and saw 8 of its levels.
You also visited: Sewer.

You collected 301 gold pieces.
You spent 91 gold pieces at shops.

Inventory:

Hand weapons
 g - a +0,+4 sling of frost
 i - a +0,+4 dwarven war axe (weapon)
Missiles
 a - 8 sling bullets of flame
 j - a throwing net
 p - 3 sling bullets (quivered)
Armour
 q - a +0 orcish plate armour (worn)
 B - a +0 dwarven shield (worn)
Magical devices
 b - a wand of flame (16)
 h - a wand of slowing (21)
 o - a wand of magic darts (8)
 z - a wand of confusion (0)
Comestibles
 d - a bread ration
Scrolls
 c - a scroll of recharging {unknown}
 m - a scroll of immolation {unknown}
 n - 4 scrolls of teleportation
 r - a scroll of magic mapping {unknown}
 v - 3 scrolls of amnesia {unknown}
 y - a scroll of fear {unknown}
 A - 3 scrolls of fog {unknown}
 D - a scroll of noise {unknown}
Jewellery
 s - an amulet of faith (around neck)
 x - a ring of poison resistance (left hand)
 C - a ring of protection from fire (right hand)
Potions
 e - a potion of speed
 f - 2 potions of restore abilities
 k - a potion of invisibility
 l - 3 potions of curing
 t - 2 potions of might
 w - a potion of flight


   Skills:
 + Level 6.1 Fighting
 + Level 7.2 Axes
 + Level 7.3 Slings
 - Level 1.0 Throwing
 + Level 8.6 Armour
 + Level 9.1 Shields


You had 8 spell levels left.
You didn't know any spells.

Dungeon Overview and Level Annotations

Branches:
Dungeon (8/27)             Temple (0/1) D:6
    Orc: D:6-11        Lair: D:8-13

Altars:
Ashenzari
Cheibriados
Elyvilon
Kikubaaqudgha
Trog
Vehumet
Yredelemnul
the Shining One

Shops:
D:4 [   D:5 =   D:7 (


Innate Abilities, Weirdness & Mutations

You reflexively headbutt those who attack you in melee.
You have a pair of horns on your head.


Message History

The sling bullet of frost hits the orc warrior.
The orc warrior appears unharmed.
The orc warrior is lightly wounded.
Wield which item (- for none, * to show all)? (? for menu, Esc to quit)
i - a +0,+4 dwarven war axe (weapon)
You block the orc warrior's attack.
The orc warrior hits you with an orcish trident!
You closely miss the orc warrior.
You headbutt the orc warrior, but do no damage.
The orc warrior is lightly wounded.
You feel yourself speed up.
The orc warrior hits you with an orcish trident!
You barely miss the orc warrior.
The orc warrior is lightly wounded.
The orc warrior hits you with an orcish trident!
* * * LOW HITPOINT WARNING * * *
You slash the orc warrior! You headbutt the orc warrior.
The orc warrior is severely wounded.
The orc warrior hits you with an orcish trident!
You die...

#......# ........#
≈≈≈≈≈≈8.# ≈≈≈≈8≈.######
###########'.≈≈.......
...........#.≈≈.......
.......)...##≈≈........
..8.()((.).......#
....(((o@).)##≈≈.#
............#.≈≈.#
###########).≈≈.#
≈≈≈≈≈≈≈≈≈≈≈≈8≈)#
≈≈≈≈≈≈≈≈≈≈≈≈≈8.#
.............).#
.#.........<..#
..'...#)...(...# .#..
#..(.....#


You could see an orc warrior.

Vanquished Creatures
  The ghost of oinker the Magician, an experienced DEIE (D:6)
  A two-headed ogre (D:6)
  2 hippogriffs (D:7)
  3 orc warriors
  7 ice beasts
  An ogre (D:6)
  4 centaurs
  A sky beast (D:7)
  2 jellies
  A jellyfish (D:8)
  4 big fish
  A crimson imp (D:6)
  2 goliath beetles (D:6)
  2 hounds
  7 orc priests
  A giant frog skeleton (D:7)
  10 orc wizards
  A scorpion (D:6)
  4 worker ants
  3 iguanas
  Ijyb (D:2)
  Jessica (D:2)
  A killer bee zombie (D:6)
  A hound zombie (D:6)
  8 gnolls (D:4)
  2 big fish zombies (D:3)
  13 adders
  2 giant centipedes
  3 giant mites
  6 worms
  An iguana skeleton (D:5)
  2 giant eyeballs
  4 giant geckos
  31 orcs
  14 bats
  2 bat skeletons (D:5)
  10 giant cockroaches
  20 goblins
  13 hobgoblins
  An ooze (D:6)
  6 quokkas
  4 ball pythons
  A giant cockroach zombie (D:6)
  13 giant newts
  A goblin zombie (D:5)
  10 jackals
  21 kobolds
  An orc skeleton (D:6)
  13 rats
  3 plants (Sewer)
267 creatures vanquished.

Vanquished Creatures (collateral kills)
  2 ice beasts (D:6)
  2 electric eels (D:8)
  A jellyfish (D:8)
  An orc wizard (D:7)
  An orc (D:7)
7 creatures vanquished.

Vanquished Creatures (others)
  An ogre (D:6)
  An orc wizard (D:6)
2 creatures vanquished.

Grand Total: 276 creatures vanquished

Notes
Turn   | Place    | Note
--------------------------------------------------------------
     0 | D:1      | Sarge101, the Minotaur Fighter, began the quest for the Orb.
     0 | D:1      | Reached XP level 1. HP: 19/19 MP: 0/0
   144 | D:1      | Reached XP level 2. HP: 24/26 MP: 0/0
   217 | D:1      | Reached skill level 4 in Armour
   641 | D:2      | Reached XP level 3. HP: 31/33 MP: 1/1
   654 | D:2      | Found an ancient bone altar of Kikubaaqudgha.
   787 | D:2      | Noticed Ijyb
   795 | D:2      | Killed Ijyb
   795 | D:2      | Reached XP level 4. HP: 39/39 MP: 1/1
   890 | D:2      | Noticed Jessica
   902 | D:2      | Killed Jessica
   902 | D:2      | Reached skill level 1 in Throwing
   902 | D:2      | Reached skill level 5 in Armour
  1036 | D:2      | Found a bloodstained altar of Trog.
  1052 | D:2      | Became a worshipper of Trog the Wrathful
  1250 | D:2      | Reached XP level 5. HP: 46/46 MP: 1/1
  1252 | D:2      | Acquired Trog's first power
  1845 | D:3      | Found a shattered altar of Ashenzari.
  1850 | D:3      | Saw a vision of the Shoals and the Snake Pit.
  1850 | D:3      | Noticed a hippogriff
  1850 | D:3      | Noticed a hippogriff
  1850 | D:3      | Noticed a merfolk
  1850 | D:3      | Noticed a merfolk
  1850 | D:3      | Noticed a hippogriff
  1850 | D:3      | Noticed a merfolk
  1850 | D:3      | Noticed a naga mage
  1850 | D:3      | Noticed a naga
  1850 | D:3      | Noticed a black mamba
  1851 | D:3      | Noticed a sea snake
  1852 | D:3      | Noticed a sea snake
  1930 | D:3      | Acquired Trog's second power
  1962 | D:3      | Reached skill level 5 in Shields
  1965 | D:3      | Found a basalt altar of Yredelemnul.
  2065 | D:3      | Reached skill level 1 in Slings
  2241 | D:4      | Found Ocuic's Antique Armour Emporium.
  2400 | D:4      | Paralysed by a giant eyeball for 4 turns
  2415 | D:4      | Paralysed by a giant eyeball for 2 turns
  2462 | D:4      | Reached XP level 6. HP: 38/53 MP: 2/2
  2748 | D:4      | Found a glowing drain.
  2830 | Sewer    | Entered a sewer
  2971 | Sewer    | Acquired Trog's third power
  3389 | Sewer    | Reached XP level 7. HP: 57/60 MP: 2/2
  3883 | D:4      | Reached skill level 6 in Armour
  3900 | D:5      | Entered Level 5 of the Dungeon
  3900 | D:5      | Found Cragol's Jewellery Shoppe.
  4265 | D:5      | Found a glowing golden altar of the Shining One.
  4780 | D:6      | Reached skill level 7 in Armour
  4832 | D:6      | Reached XP level 8. HP: 44/67 MP: 2/2
  4834 | D:6      | Noticed a two-headed ogre
  4853 | D:6      | Killed a two-headed ogre
  4853 | D:6      | Reached skill level 5 in Fighting
  5154 | D:6      | Found a staircase to the Ecumenical Temple.
  5167 | D:6      | Found a white marble altar of Elyvilon.
  5179 | D:6      | Reached skill level 5 in Slings
  5295 | D:6      | Reached skill level 5 in Axes
  5475 | D:6      | Noticed oinker's ghost (experienced DEIE)
  5478 | D:6      | Paralysed by a giant eyeball for 3 turns
  5621 | D:6      | Killed oinker's ghost
  5925 | D:7      | Reached skill level 8 in Shields
  5945 | D:7      | Reached XP level 9. HP: 37/73 MP: 3/3
  6195 | D:7      | Found Xaunlaqu's Weapon Shoppe.
  6209 | D:7      | Bought a +0,+2 dwarven war axe for 91 gold pieces
  6235 | D:7      | Found a bloodstained altar of Trog.
  6238 | D:7      | Found a snail-covered altar of Cheibriados.
  6322 | D:7      | Found a snail-covered altar of Cheibriados.
  6588 | D:7      | Found a radiant altar of Vehumet.
  6594 | D:7      | Received a gift from Trog
  6622 | D:7      | HP: 3/74 [orc wizard/wand of magic darts (5)]
  7197 | D:8      | Reached skill level 9 in Shields
  7598 | D:8      | Slain by an orc warrior

Action                   |  1- 3 |  4- 6 |  7- 9 || total
-------------------------+-------+-------+-------++-------
Melee: Hand axe          |    58 |   389 |   302 ||   749
       War axe           |       |       |    95 ||    95
 Fire: Sling             |     1 |    62 |   136 ||   199
Throw: Dagger            |    11 |       |       ||    11
       Spear             |    10 |       |       ||    10
       Dart              |     7 |       |       ||     7
Invok: Trog's Hand       |       |       |     4 ||     4
       Berserk           |       |       |     3 ||     3
       Brothers in Arms  |       |       |     3 ||     3
       Burn Spellbooks   |       |       |     1 ||     1
Evoke: Wand              |       |       |    15 ||    15
  Use: Scroll            |       |     7 |     9 ||    16
       Potion            |       |       |     7 ||     7
